 Dungeon Crawl Stone Soup version 0.21.1-1-g345015fe64 (webtiles) character file.

2414 Osmon the Fighter (level 9, -1/83 HPs)
             Began as a Minotaur Berserker on July 8, 2018.
             Was an Elder of Trog.
             Slain by a basilisk (7 damage)
             ... on level 9 of the Dungeon on July 10, 2018.
             The game lasted 01:05:51 (4079 turns).

Osmon the Fighter (Minotaur Berserker)              Turns: 4079, Time: 01:05:51

Health: -1/83      AC:  8    Str: 23    XL:     9   Next: 23%
Magic:  8/8        EV:  2    Int:  4    God:    Trog [****..]
Gold:   298        SH:  0    Dex: 17    Spells: 8/8 levels left

rFire    . . .     SeeInvis .   y - +1 rapier (speed)
rCold    . . .     Gourm    .   (no shield)
rNeg     + + +     Faith    .   a - +0 scale mail
rPois    ∞         Spirit   .   (helmet restricted)
rElec    .         Reflect  .   (no cloak)
rCorr    .         Harm     .   (no gloves)
MR       .....                  (no boots)
Stlth    ..........             (no amulet)
HPRegen  0.23/turn              t - +5 ring of dexterity
MPRegen  0.11/turn              (no ring)

@: petrified, berserk cooldown, slowed
A: retaliatory headbutt, horns 2
a: Berserk, Trog's Hand, Brothers in Arms, Burn Spellbooks, Renounce Religion


You were on level 9 of the Dungeon.
You worshipped Trog.
Trog was greatly pleased with you.
You were hungry.

You visited 2 branches of the dungeon, and saw 9 of its levels.

You collected 298 gold pieces.

Inventory:

Hand Weapons
 b - a +0 mace of draining
 k - a +0 blowgun
 v - a +2 dagger of venom
 y - a +1 rapier of speed (weapon)
Missiles
 e - 28 poisoned needles
 p - 8 tomahawks (quivered)
Armour
 a - a +0 scale mail (worn)
Jewellery
 t - a +5 ring of dexterity (left hand)
Wands
 w - a wand of iceblast (8)
 x - a wand of scattershot (2)
Scrolls
 f - a scroll of noise {unknown}
 h - 2 scrolls of remove curse {unknown}
 i - 2 scrolls of enchant weapon {unknown}
 l - 2 scrolls of enchant armour {unknown}
 m - 3 scrolls of identify {unknown}
 o - 3 scrolls of teleportation {unknown}
 z - 2 scrolls of fog {unknown}
Potions
 d - 3 potions of curing
 j - a potion of ambrosia {unknown}
 n - a potion of flight {unknown}
 s - 3 potions of might {unknown}
 u - a potion of berserk rage {unknown}
Comestibles
 c - 9 rations
 g - 3 chunks of flesh


   Skills:
 * Level 9.2 Fighting
 + Level 1.8(4.5) Short Blades
   Level 7.3(7.4) Long Blades
 + Level 1.2 Throwing
 + Level 7.4 Armour
 + Level 6.8 Dodging


You had 8 spell levels left.
You didn't know any spells.

Dungeon Overview and Level Annotations

Branches:
Dungeon (9/15)             Temple (1/1) D:4            Lair (0/6) D:9
    Orc: D:9-12

Altars:
Ashenzari
Cheibriados
Dithmenos
Elyvilon
Fedhas
Gozag
Hepliaklqana
Kikubaaqudgha
Nemelex Xobeh
Okawaru
Qazlal
Ru
Sif Muna
Trog
Uskayaw
Wu Jian
Yredelemnul
The Shining One

Annotations:
D:3 Lokiki's ghost, amateur SpEn


Innate Abilities, Weirdness & Mutations

You reflexively headbutt those who attack you in melee.
You have a pair of horns on your head.


Message History

You hit the basilisk.
The basilisk is lightly wounded.
The basilisk gazes at you. You resist with some effort.
Your limbs are stiffening.
You puncture the basilisk!
You headbutt the basilisk, but do no damage.
The basilisk is heavily wounded.
The basilisk gazes at you. You resist with some effort.
The basilisk hisses menacingly.
The basilisk barely misses you. You furiously retaliate!
You headbutt the basilisk!
You have turned to stone.
The basilisk bites you!
* * * LOW HITPOINT WARNING * * *
The basilisk bites you.
* * * LOW HITPOINT WARNING * * *
The basilisk bites you!
* * * LOW HITPOINT WARNING * * *
The basilisk bites you!
You die...

#........P..# ..Ol.....#
######.....#### #...
#........#
#..###.......##
##........#..##
#........## .# ###
##lY.....## # ..###
##@#......## ....##
#..####....## ._...#
##..# ##....# .....#
#..## #...## ####.#
##..# #..(# (.(#.# ...#
##..## (.(#.#
#####.#####..##
####.#### #.##...##....#
........###....##...####


You could see an elephant and a basilisk.

Vanquished Creatures
  The ghost of Hatywr the Magician, a novice HuWz of Kikubaaqudgha (D:6)
  A wyvern (D:9)
  A yak (D:9)
  An ice beast (D:6)
  2 orc warriors (D:6)
  A sky beast (D:6)
  2 ogres
  2 centaurs (D:8)
  A big kobold (D:8)
  A crocodile (D:9)
  A bullfrog (D:7)
  A water moccasin skeleton (D:7)
  2 scorpions
  A vampire bat (D:8)
  3 howler monkeys (D:7)
  2 hounds
  2 orc priests
  A jelly (D:8)
  8 orc wizards
  An iguana (D:9)
  2 bullfrog skeletons (D:9)
  Terence (D:3)
  2 worker ants
  4 adders
  2 oozes
  An adder skeleton (D:9)
  3 worms
  A dart slug (D:1)
  21 orcs
  12 bats
  2 giant cockroaches
  4 hobgoblins
  9 jackals
  10 kobolds
  2 quokkas
  2 frilled lizards
  4 rats
  2 bushes (D:8)
119 creatures vanquished.

Notes
Turn   | Place    | Note
-------+----------+-------------------------------------------
     0 | D:1      | Osmon the Minotaur Berserker began the quest for the Orb.
     0 | D:1      | Reached XP level 1. HP: 19/19 MP: 0/0
   115 | D:1      | Reached XP level 2. HP: 27/27 MP: 1/1
   170 | D:1      | Reached skill level 4 in Fighting
   902 | D:2      | Reached XP level 3. HP: 12/33 MP: 2/2
  1297 | D:3      | Noticed Terence
  1309 | D:3      | Killed Terence
  1309 | D:3      | Reached XP level 4. HP: 41/41 MP: 3/3
  1345 | D:3      | Noticed Lokiki's ghost (amateur SpEn)
  1363 | D:3      | Reached ** piety under Trog
  1481 | D:4      | Reached XP level 5. HP: 21/47 MP: 4/4
  1579 | D:4      | Found a staircase to the Ecumenical Temple.
  1587 | Temple   | Entered the Ecumenical Temple
  1771 | D:4      | Reached skill level 5 in Long Blades
  1774 | D:4      | Found a snail-covered altar of Cheibriados.
  1776 | D:4      | You fall through a shaft for 2 floors!
  1810 | D:6      | Noticed an orc warrior
  1819 | D:6      | Killed an orc warrior
  1819 | D:6      | Reached skill level 5 in Fighting
  1819 | D:6      | Reached XP level 6. HP: 29/56 MP: 5/5
  1913 | D:6      | Noticed Hatywr's ghost (novice HuWz)
  1926 | D:6      | Killed Hatywr's ghost
  1926 | D:6      | Reached skill level 6 in Fighting
  1926 | D:6      | Reached skill level 5 in Armour
  1926 | D:6      | Reached XP level 7. HP: 51/63 MP: 6/6
  2024 | D:6      | Found a sacrificial altar of Ru.
  2039 | D:6      | Reached skill level 5 in Dodging
  2296 | D:7      | Reached XP level 8. HP: 71/71 MP: 7/7
  2348 | D:7      | Reached skill level 7 in Fighting
  2356 | D:7      | Reached *** piety under Trog
  2975 | D:8      | Reached skill level 8 in Fighting
  3281 | D:8      | Found a blossoming altar of Fedhas.
  3420 | D:8      | Found a blossoming altar of Fedhas.
  3700 | D:9      | Reached XP level 9. HP: 72/82 MP: 8/8
  3707 | D:9      | Noticed a dagger
  3707 | D:9      | Noticed a dagger
  3711 | D:9      | Found a hide-covered altar of Uskayaw.
  3759 | D:9      | Received a gift from Trog
  3761 | D:9      | Reached skill level 1 in Short Blades
  3763 | D:9      | Reached **** piety under Trog
  4034 | D:9      | Found a staircase to the Lair.
  4034 | D:9      | Noticed an elephant
  4053 | D:9      | Reached skill level 9 in Fighting
  4064 | D:9      | Reached skill level 1 in Throwing
  4079 | D:9      | Slain by a basilisk

Skill      XL: |  1  2  3  4  5  6  7  8  9 |
---------------+----------------------------+-----
Long Blades    | 4 5 6 7 |  7.3
Fighting       | 4 5 6 8 9 |  9.2
Armour         | 3 4 5 7 |  7.4
Dodging        | 3 4 5 6 |  6.8
Short Blades   | 1 |  1.8
Throwing       | 1 |  1.2

Action                   |  1- 3 |  4- 6 |  7- 9 || total
-------------------------+-------+-------+-------++-------
Melee: Falchion          |    51 |    68 |    53 ||   172
       Headbutt          |     9 |    14 |    93 ||   116
       Mace              |       |       |    82 ||    82
       Rapier            |       |       |   108 ||   108
Invok: Berserk           |     1 |     5 |     6 ||    12
  Use: Potion            |     2 |       |     4 ||     6
  Eat: Ration            |     1 |     3 |     1 ||     5
       Chunk             |       |       |     4 ||     4
Armor: Animal skin       |     4 |       |       ||     4
       Ring mail         |    10 |     2 |       ||    12
       Scale mail        |       |    27 |    50 ||    77
Dodge: Dodged            |    35 |    34 |   103 ||   172
       Rpst.: Falchion   |     8 |    14 |    12 ||    34
